Map: Ley Lines

Players

Killa

  • Race: Protoss Protoss
  • League: Master
  • Spawn Location: 7:00

K.I.-2 (Leicht) - Winner!

  • Race: Terran Terran
  • Spawn Location: 1:00

VOD

Have the link to the VOD?

Description

Time

  • Played on: May 22, 2025, 5:42 a.m.
  • Length: 11:11
Show
View Real Time Build Order
Export as new Build Order

Killa Protoss 

Build Orders: 1 Gate Expand, Blink Stalkers 

Get SALT Encoding   

  12  0:00  Probe  
  13  0:12  Probe  
  14  0:16  Pylon  
  14  0:25  Probe  
  15  0:33  Probe  
  15  0:40  Gateway  
  15  0:41  Probe  
  16  0:48  Assimilator  
  17  0:53  Probe  
  18  1:05  Probe  
  19  1:17  Probe  
  20  1:29  Probe, Cybernetics Core  
  21  1:38  Nexus  
  21  1:42  Pylon  
  21  1:45  Probe  
  22  1:51  Assimilator  
  22  1:57  Adept, Probe  
  23  2:08  Warp Gate  
  25  2:09  Probe  
  26  2:21  Probe  
  27  2:25  Twilight Council  
  27  2:31  Stalker  
  27  2:33  Probe  
  30  2:38  Blink  
  30  2:44  Probe  
  30  2:47  Probe  
  32  2:52  Probe  
  32  2:55  Probe  
  33  3:00  Probe  
  33  3:04  Probe  
  35  3:12  Probe  
  37  3:14  Stalker  
  37  3:16  Gateway  
  37  3:17  Probe  
  40  3:24  Probe  
  41  3:29  Probe  
  41  3:31  Robotics Facility  
  42  3:36  Probe  
  42  3:41  Probe  
  44  3:44  Gateway  
  44  3:48  Probe, Pylon  
  45  3:53  Probe  
  46  4:07  Probe x2  
  46  4:09  Nexus  
  48  4:10  Pylon  
  48  4:18  Observer  
  48  4:19  Probe  
  48  4:20  Probe  
  48  4:22  Assimilator  
  51  4:31  Probe  
  52  4:34  Stalker x2  
  52  4:36  Observer  
  52  4:37  Probe  
  58  4:42  Stalker  
  58  4:43  Probe  
  61  4:49  Probe  
  61  4:50  Pylon  
  62  4:55  Charge  
  62  5:01  Gateway  
  62  5:04  Gateway  
  62  5:07  Gateway x2  
  62  5:09  Gateway  
  62  5:11  Forge  
  62  5:13  Stalker  
  64  5:15  Sentry  
  64  5:17  Probe x2  
  64  5:20  Observer  
  64  5:21  Pylon  
  69  5:25  Protoss Ground Armor Level 1  
  69  5:27  Probe  
  69  5:28  Probe  
  70  5:32  Probe  
  70  5:35  Probe  
  71  5:37  Probe  
  71  5:42  Probe  
  74  5:43  Probe  
  74  5:48  Stalker x3  
  82  5:53  Pylon  
  82  5:54  Pylon  
  82  5:56  Stalker  
  84  5:57  Probe  
  84  5:58  Probe  
  84  5:59  Probe  
  87  6:06  Zealot x3  
  87  6:11  Probe  
  94  6:19  Zealot  
  94  6:20  Zealot x4  
  94  6:24  Pylon  
  104  6:25  Pylon  
  104  6:38  Zealot x2  
  108  6:45  Nexus, Pylon  
  108  6:51  Zealot x6  
  120  6:57  Pylon x2  
  120  7:00  Robotics Bay  
  120  7:04  Robotics Facility  
  120  7:05  Assimilator  
  120  7:06  Probe x3  
  123  7:11  Protoss Ground Armor Level 2  
  123  7:13  Forge  
  123  7:18  Probe x3, Pylon  
  123  7:19  Sentry  
  128  7:30  Probe x2  
  128  7:31  Probe  
  131  7:37  Protoss Ground Weapons Level 1  
  131  7:38  Colossus  
  131  7:42  Probe  
  131  7:43  Probe, Zealot x8  
  149  7:47  Colossus  
  149  7:52  Pylon  
  149  7:54  Pylon  
  155  8:04  Extended Thermal Lance  
  161  8:07  Zealot  
  164  8:12  Probe  
  164  8:13  Probe x3  
  164  8:18  Pylon  
  164  8:19  Zealot x4  
  175  8:22  Colossus  
  181  8:36  Zealot x4  
  189  8:43  Gateway  
  189  8:44  Gateway  
  189  8:46  Gateway  
  189  8:50  Gateway  
  189  8:51  Disruptor  
  189  8:55  Zealot  
  195  9:00  Assimilator  
  195  9:02  Assimilator  
  195  9:20  Nexus  
  195  9:21  Pylon, Disruptor x2  
  189  9:40  Probe x2  
  189  9:43  Zealot x4  
  192  10:59  Zealot x5  
Show
View Real Time Build Order
Export as new Build Order

K.I.-2 (Leicht) Terran - Winner!

Build Orders:  

Get SALT Encoding   

  12  0:00  SCV  
  13  0:13  SCV  
  14  0:18  Supply Depot  
  14  0:25  SCV  
  15  0:40  SCV  
  15  0:42  Barracks  
  16  0:46  Refinery  
  16  1:09  Supply Depot  
  16  1:20  Refinery  
  16  1:29  Barracks Tech Lab  
  16  1:32  Orbital Command  
  16  1:47  Marine  
  17  1:58  SCV  
  18  2:05  Marauder  
  20  2:10  SCV  
  20  2:12  Supply Depot  
  21  2:22  SCV  
  22  2:26  Marine  
  23  2:34  SCV  
  24  2:44  Marine  
  24  2:46  SCV  
  27  2:58  SCV  
  27  3:02  Marauder  
  29  5:11  SCV, Reaper  
  29  5:13  Supply Depot  
  31  5:21  Factory  
  31  5:24  SCV  
  32  5:36  SCV  
  32  5:37  Supply Depot  
  33  5:43  Marine  
  33  6:01  Marine  
  33  6:02  Command Center  
  28  6:08  Starport  
  28  6:19  Marine  
  29  6:37  Marauder  
  31  6:45  Starport Tech Lab  
  31  6:58  Marine  
  32  7:04  Raven  
  34  7:14  SCV  
  35  7:16  Marauder  
  35  7:19  SCV  
  38  7:26  Refinery, SCV  
  38  7:28  Refinery  
  39  7:31  SCV  
  40  7:37  Marine  
  40  7:38  SCV, Raven  
  40  7:43  SCV  
  45  7:51  SCV  
  46  7:55  Reaper  
  46  7:56  SCV  
  48  8:03  SCV  
  49  8:08  SCV  
  50  8:15  SCV  
  51  8:20  SCV  
  52  8:27  SCV, Marine  
  52  8:32  SCV  
  55  8:39  SCV  
  56  8:44  SCV  
  56  8:45  Marauder  
  59  8:51  SCV  
  60  8:56  SCV  
  61  9:03  SCV  
  61  9:08  SCV  
  63  9:10  Supply Depot  
  63  9:15  SCV  
  64  10:19  Medivac, Marine  
  64  10:21  Supply Depot, Engineering Bay  
  67  10:37  Reaper  
Tags
 
Composition
Blink Stalkers
League
Master
Matchup
PvT
Spawn Locations
Cross Positions
Add a new tag
Caveats
  • Supply blocks, unpowered buildings, or Contaminate may cause inaccurate times.
  • Supply counts are checked every 10 seconds.